Map: Simulacrum LE

Players

PtitDrogo

  • Race: Protoss Protoss
  • League: Master
  • Spawn Location: 11:00

DRG - Winner!

  • Race: Zerg Zerg
  • Spawn Location: 5:00

Event: Shopify TSL 5

VOD

Have the link to the VOD?

Description

Time

  • Played on: May 23, 2020, 12:17 p.m.
  • Length: 8:10

All games in this series

Show
View Real Time Build Order
Export as new Build Order

PtitDrogo Protoss 

Build Orders: 1 Gate Expand, Oracle Opening, Zealot Archon 

Get SALT Encoding   

  12  0:00  Probe  
  13  0:13  Probe  
  14  0:20  Pylon  
  14  0:25  Probe  
  15  0:31  Assimilator  
  15  0:38  Probe (Chrono Boost)  
  16  0:45  Gateway  
  16  0:48  Probe (Chrono Boost)  
  17  0:53  Probe (Chrono Boost)  
  18  1:05  Probe  
  19  1:17  Probe  
  20  1:23  Nexus  
  20  1:34  Cybernetics Core  
  20  1:36  Probe  
  21  1:41  Assimilator  
  21  1:48  Probe  
  21  1:51  Pylon  
  22  2:01  Probe  
  23  2:08  Adept (Chrono Boost)  
  23  2:13  Probe  
  23  2:14  Stargate  
  26  2:20  Warp Gate  
  26  2:25  Probe  
  26  2:28  Adept (Chrono Boost)  
  29  2:38  Probe (Chrono Boost)  
  29  2:42  Probe (Chrono Boost)  
  31  2:47  Probe (Chrono Boost)  
  31  2:51  Probe (Chrono Boost)  
  33  2:52  Probe (Chrono Boost)  
  33  2:58  Oracle (Chrono Boost)  
  37  3:01  Probe  
  37  3:04  Probe  
  39  3:11  Pylon  
  39  3:13  Probe  
  39  3:16  Probe  
  39  3:17  Gateway  
  41  3:25  Probe  
  42  3:28  Probe  
  42  3:29  Oracle (Chrono Boost)  
  46  3:40  Probe x2  
  44  3:46  Assimilator  
  44  3:48  Gateway  
  44  3:49  Assimilator  
  44  3:52  Probe  
  44  3:55  Probe  
  48  3:56  Oracle (Chrono Boost)  
  49  4:03  Pylon  
  49  4:04  Probe  
  49  4:05  Pylon  
  49  4:07  Probe  
  49  4:09  Adept  
  53  4:16  Probe  
  54  4:17  Pylon  
  54  4:21  Probe  
  55  4:24  Adept  
  55  4:28  Probe  
  58  4:34  Nexus, Probe  
  58  4:36  Pylon  
  59  4:38  Stalker  
  59  4:40  Probe  
  59  4:45  Twilight Council  
  62  4:47  Forge  
  62  4:53  Probe x2  
  62  4:54  Adept  
  66  5:04  Zealot  
  66  5:05  Probe  
  66  5:07  Probe  
  63  5:18  Zealot, Protoss Ground Weapons Level 1 (Chrono Boost)  
  63  5:19  Charge (Chrono Boost)  
  62  5:26  Probe x2  
  64  5:30  Robotics Facility  
  64  5:31  Zealot  
  68  5:44  Gateway  
  68  5:45  Gateway  
  68  5:46  Gateway  
  68  5:47  Templar Archives  
  68  5:48  Gateway  
  66  5:50  Gateway  
  66  5:52  Zealot  
  66  5:55  Zealot  
  63  6:00  Zealot  
  60  6:08  Pylon  
  58  6:13  Zealot x2  
  62  6:20  Probe x2  
  62  6:22  Warp Prism (Chrono Boost)  
  66  6:26  Zealot  
  66  6:28  Probe  
  66  6:30  Zealot  
  66  6:32  Probe x2, Zealot  
  75  6:40  Probe  
  75  6:44  Probe  
  75  6:45  Pylon  
  76  6:48  Probe  
  76  6:52  Probe  
  78  6:55  Pylon  
  78  6:56  Probe  
  78  6:57  Zealot x3  
  78  7:00  Probe  
  86  7:04  Zealot  
  86  7:07  High Templar x3  
  86  7:08  High Templar, Zealot  
  94  7:09  Photon Cannon  
  94  7:11  Phoenix (Chrono Boost)  
  94  7:12  Archon x2  
  94  7:18  Photon Cannon  
  94  7:20  Pylon  
  90  7:25  Probe  
  90  7:26  Phoenix (Chrono Boost)  
  90  7:27  Probe  
  90  7:28  Zealot x2  
  98  7:35  Stargate  
  88  7:39  Stargate, Photon Cannon  
  88  7:42  High Templar x2  
  88  7:43  High Templar  
  92  7:46  Archon  
  92  7:50  High Templar  
  94  7:51  Shield Battery  
  94  7:54  Archon  
  94  7:57  Probe  
  94  7:58  Assimilator  
  95  7:59  Assimilator  
  95  8:01  Pylon  
Show
View Real Time Build Order
Export as new Build Order

DRG Zerg - Winner!

Build Orders: Hatch First 

Get SALT Encoding   

  12  0:01  Drone  
  13  0:13  Drone  
  14  0:17  Overlord  
  14  0:24  Extractor  
  14  0:25  Drone  
  15  0:35  Drone  
  16  0:36  Drone  
  17  0:54  Hatchery  
  16  0:57  Drone  
  16  1:01  Drone  
  18  1:10  Extractor  
  17  1:16  Spawning Pool  
  16  1:18  Drone  
  16  1:22  Drone  
  18  1:29  Drone  
  19  1:40  Drone  
  20  1:51  Hatchery  
  20  1:54  Drone  
  20  2:06  Drone, Zergling x2  
  22  2:09  Queen  
  22  2:15  Metabolic Boost  
  24  2:22  Overlord  
  24  2:26  Drone  
  25  2:33  Queen  
  25  2:36  Zergling x2  
  28  2:41  Drone x2  
  30  2:44  Drone  
  30  2:51  Queen  
  30  2:56  Zergling x4  
  34  2:58  Zergling x2  
  34  3:05  Overlord  
  35  3:10  Queen  
  37  3:13  Drone  
  37  3:14  Drone  
  37  3:18  Drone  
  40  3:22  Drone  
  40  3:25  Overlord  
  41  3:31  Drone x2  
  41  3:33  Zergling x2  
  42  3:37  Drone x2  
  42  3:38  Drone  
  42  3:40  Spore Crawler  
  44  3:41  Drone  
  44  3:43  Drone  
  46  3:49  Spore Crawler  
  46  3:50  Drone x2  
  46  3:53  Drone x2  
  49  3:59  Drone x2  
  51  4:03  Overlord  
  51  4:08  Drone x2  
  52  4:12  Drone x2  
  52  4:13  Drone x2  
  52  4:16  Lair  
  56  4:18  Extractor  
  56  4:22  Zergling x8  
  59  4:25  Drone x2  
  59  4:28  Drone x2  
  63  4:32  Overlord  
  63  4:34  Drone  
  63  4:37  Drone  
  65  4:43  Extractor  
  65  4:45  Extractor  
  63  4:47  Drone x2  
  63  4:48  Overlord  
  63  4:50  Overlord  
  65  4:53  Zergling x8  
  69  5:03  Overlord  
  69  5:04  Queen  
  65  5:10  Zergling x16, Spore Crawler  
  68  5:14  Queen  
  68  5:17  Zergling x4  
  68  5:18  Spire  
  68  5:19  Drone  
  69  5:23  Extractor  
  69  5:24  Extractor, Drone x2  
  69  5:25  Drone  
  69  5:27  Drone x2  
  72  5:33  Drone x2  
  73  5:35  Drone  
  73  5:37  Drone  
  73  5:39  Queen  
  76  5:44  Drone  
  76  5:50  Drone x3  
  77  5:59  Drone  
  77  6:00  Drone  
  77  6:01  Drone  
  79  6:07  Drone  
  75  6:22  Hatchery  
  74  6:26  Zergling x10  
  74  6:27  Overlord  
  74  6:31  Mutalisk x4  
  87  6:35  Mutalisk  
  87  6:39  Overlord  
  89  6:43  Overlord  
  89  6:47  Mutalisk x3  
  89  6:51  Mutalisk  
  97  6:54  Overlord  
  97  6:57  Mutalisk  
  97  6:58  Mutalisk x3  
  105  7:03  Mutalisk x2  
  109  7:10  Mutalisk  
  109  7:13  Zergling x4  
  109  7:19  Mutalisk  
  109  7:22  Zergling x4  
  112  7:28  Mutalisk  
  112  7:29  Mutalisk  
  112  7:31  Queen  
  112  7:35  Drone x6  
  112  7:36  Drone  
  112  7:37  Drone x2  
  120  7:38  Drone x2  
  124  7:44  Mutalisk x2  
  124  7:46  Overlord  
  124  7:48  Extractor x2  
  124  7:50  Overlord  
  126  7:55  Spore Crawler  
Tags
 
Add a new tag
Caveats
  • Supply blocks, unpowered buildings, or Contaminate may cause inaccurate times.
  • Supply counts are checked every 10 seconds.